 Dungeon Crawl Stone Soup version 0.22-a0-553-g9358b0b (webtiles) character file.

34 robertstho the Skirmisher (level 3, 0/39 HPs)
             Began as an Ogre Fighter on June 25, 2018.
             Slain by a gnoll
             ... wielding a +0 halberd
              (17 damage)
             ... on level 2 of the Dungeon.
             The game lasted 00:03:11 (857 turns).

robertstho the Skirmisher (Ogre Fighter)             Turns: 857, Time: 00:03:11

Health: 0/39       AC:  3    Str: 25    XL:     3   Next: 31%
Magic:  3/3        EV:  7    Int:  9    God:
Gold:   89         SH:  8    Dex:  9    Spells: 2/2 levels left

rFire    . . .     SeeInvis .   a - +0 flail
rCold    + . .     Gourm    +   c - +0 shield
rNeg     . . .     Faith    .   b - +0 robe
rPois    .         Spirit   .   (helmet restricted)
rElec    .         Reflect  .   m - scarf {repulsion}
rCorr    .         Harm     .   (gloves unavailable)
MR       +....                  (boots unavailable)
Stlth    +.........             r - amulet of the gourmand
HPRegen  0.13/turn              j - ring of protection from cold
MPRegen  0.08/turn              l - ring of protection from magic

@: mighty, heavily drained, repel missiles
A: large, unfitting armour, tough skin 1
a: no special abilities


You were on level 2 of the Dungeon.
You were not hungry.

You visited 1 branch of the dungeon, and saw 2 of its levels.

You collected 89 gold pieces.

Inventory:

Hand Weapons
 a - a +0 flail (weapon)
 e - a +0 hunting sling
 i - a +2 hand axe of freezing
Missiles
 n - 14 sling bullets
 p - 24 arrows
Armour
 b - a +0 robe (worn)
 c - a +0 shield (worn)
 m - a scarf of repulsion (worn)
Jewellery
 h - an uncursed ring of ice
 j - a ring of protection from cold (left hand)
 l - a ring of protection from magic (right hand)
 r - an amulet of the gourmand (around neck)
Scrolls
 g - a scroll of identify {unknown}
 q - a scroll of blinking {unknown}
Potions
 k - a potion of haste {unknown}
 o - a potion of curing {unknown}
Comestibles
 f - 3 rations


   Skills:
 + Level 4.1(2.9) Fighting
 * Level 2.3(1.2) Maces & Flails
 * Level 3.3(2.1) Dodging
 + Level 2.8(1.7) Shields


You had 2 spell levels left.
You didn't know any spells.
Your spell library was empty.

Dungeon Overview and Level Annotations

Branches:
Dungeon (2/15)

Altars:


Innate Abilities, Weirdness & Mutations

You are too large for most types of armour.
You have tough skin. (AC +1)


Message History

s - 2 chunks of flesh You see here a flail.
Eat one of 2 chunks of flesh? (ye/n/q)
You eat one of the 2 chunks of flesh.
This raw flesh tastes good.
Eat a chunk of flesh? (ye/n/q)
You eat the chunk of flesh.
This raw flesh tastes good.
Okay, then.
There is a stone staircase leading down here.
You start resting.
HP restored.
You climb downwards.
The gnoll shouts!
There is a stone staircase leading up, spattered with blood here.
You block the gnoll's attack. The gnoll hits you with a halberd!
You barely miss the gnoll. The gnoll hits you with a halberd!
You feel very mighty all of a sudden. You block the gnoll's attack.
You closely miss the gnoll. The gnoll hits you with a halberd!
You die...

.. ##### .##...#
....$ .#$ # #....
... ###
#.##.#.###.# ..
#.......##.# ..
#.....<#.#.###.#
#...............#
#
#.......#@#.#.##
.#
#.#.>....#gg#.#
.. #
###.#.##....###.#
#...##..##....#
#...##..##.##g#
#...##..##.# ..
#.####......##.#
.g.
#.....<)[)...#.#
..#
#.####..#........


gg You could see 2 gnolls.

Vanquished Creatures
  A gnoll (D:1)
  2 ball pythons (D:1)
  4 hobgoblins
  7 bats (D:1)
  3 goblins (D:1)
  5 kobolds
  A rat (D:1)
23 creatures vanquished.

Notes
Turn   | Place    | Note
-------+----------+-------------------------------------------
     0 | D:1      | robertstho the Ogre Fighter began the quest for the Orb.
     0 | D:1      | Reached XP level 1. HP: 24/24 MP: 1/1
   236 | D:1      | Reached XP level 2. HP: 32/32 MP: 2/2
   703 | D:1      | Reached XP level 3. HP: 25/39 MP: 3/3
   857 | D:2      | Slain by a gnoll

Vault maps used:
D:1:      tarquinn_simple_flora_water_a, minmay_tromino_v4_c
D:2:      lemuel_round_altar, first_ration

Skill      XL: |  1  2 |
---------------+-------+-----
Dodging        | 3 |  3.3
Maces & Flails | 2 |  2.3
Fighting       | |  4.1
Shields        | |  2.8

Action                   || total
-------------------------++-------
Melee: Flail             ||    88
  Use: Potion            ||     1
  Eat: Chunk             ||     4
Armor: Robe              ||    65
Dodge: Dodged            ||    54
       Deflected         ||     1
Block: Shield            ||    63

Table legend:
 A = Spawn XP
 B = Non-spawn XP
 C = Spawn XP percentage of total XP
 D = Spawn monster count
 E = Non-spawn monster count
 F = Spawn count percentage of total count
 G = Total turns spent on level
                    A         B        C        D         E        F      G
               +---------+---------+-------+---------+---------+-------+---------
         Total |       0 |      49 |   0.0 |       0 |      23 |   0.0 |   857
               +---------+---------+-------+---------+---------+-------+---------
           D:1 |       0 |      42 |   0.0 |       0 |      19 |   0.0 |   816
           D:2 |       0 |       7 |   0.0 |       0 |       4 |   0.0 |    41
               +---------+---------+-------+---------+---------+-------+---------
